 Dungeon Crawl Stone Soup version 0.29.1-12-g30fa7ad0bf (webtiles) character file.

Game seed: 17919571261289286795

66535 mampy3000 the Severer (level 14, -9/138 HPs)
             Began as a Minotaur Berserker on Jan 18, 2023.
             Was a High Priest of Trog.
             Mangled by an orc warlord
             ... wielding a +0 great sword
              (53 damage)
             ... on level 2 of the Orcish Mines.
             The game lasted 00:55:14 (18935 turns).

mampy3000 the Severer (Minotaur Berserker)         Turns: 18935, Time: 00:55:15

Health: -9/138     AC: 26    Str: 23    XL:     14   Next: 79%
Magic:  13/13      EV: 17    Int:  4    God:    Trog [*****.]
Gold:   206        SH:  6    Dex: 20    Spells: 13/13 levels left

rFire   . . .      SeeInvis .   L - +7 war axe (vorpal)
rCold   + . .      Faith    .   T - +2 buckler {reflect}
rNeg    + . .      Spirit   .   S - +3 plate armour {rN+}
rPois   .          Reflect  +   (helmet restricted)
rElec   .          Harm     .   I - +0 cloak
rCorr   .          Rampage  .   R - +1 pair of gloves
Will    +....                   U - +1 pair of boots "Eweidd" {Fly rC+ Regen+}
Stlth   ..........              D - amulet of regeneration
HPRegen 1.93/turn               H - +4 ring of evasion
MPRegen 0.13/turn               O - +6 ring of dexterity

@: on berserk cooldown, flying, slowed, very slow
A: horns 2, retaliatory headbutt
a: Renounce Religion, Berserk, Trog's Hand, Brothers in Arms


You were on level 2 of the Orcish Mines.
You worshipped Trog.
Trog was extremely pleased with you.
You visited 3 branches of the dungeon, and saw 19 of its levels.
You also visited: Ossuary.

You collected 2487 gold pieces.
You spent 2281 gold pieces at shops.

Inventory:

Hand Weapons
 C - a +2 vorpal hand axe
 L - a +7 vorpal war axe (weapon)
 N - a +2 battleaxe of flaming
Missiles
 y - 6 javelins (quivered)
 G - 16 boomerangs
Armour
 a - a scarf of invisibility
 s - a +3 scale mail of fire resistance
 B - a +0 pair of gloves
 I - a +0 cloak (worn)
 R - a +1 pair of gloves (worn)
 S - a +3 plate armour of positive energy (worn)
 T - a +2 buckler of reflection (worn)
 U - the +1 pair of boots "Eweidd" (worn) {Fly rC+ Regen+}
   (You bought it in a shop on level 2 of the Orcish Mines)

   rC:        It protects you from cold.
   Fly:       It grants you flight.
   Regen:     It increases your rate of health regeneration.
Jewellery
 D - an amulet of regeneration (around neck)
 H - a +4 ring of evasion (left hand)
 J - a ring of fire
 K - a +4 ring of slaying
 O - a +6 ring of dexterity (right hand)
 P - a ring of protection from cold
Wands
 t - a wand of acid (6)
 z - a wand of flame (53)
 A - a wand of mindburst (12)
 E - a wand of paralysis (4)
 F - a wand of roots (5)
Scrolls
 d - 9 scrolls of teleportation
 e - 4 scrolls of magic mapping
 g - 3 scrolls of enchant armour
 m - 9 scrolls of identify
 p - 3 scrolls of blinking
 q - 2 scrolls of fear
 M - a scroll of brand weapon
Potions
 b - 2 potions of flight {unknown}
 c - a potion of resistance
 f - 5 potions of might {unknown}
 h - 12 potions of ambrosia
 i - a potion of berserk rage {unknown}
 j - 4 potions of degeneration {unknown}
 k - 4 potions of attraction {unknown}
 l - 2 potions of mutation {unknown}
 n - 4 potions of heal wounds
 o - 11 potions of curing
 r - a potion of haste {unknown}
 u - 2 potions of magic {unknown}
 v - 2 potions of cancellation {unknown}
 w - 4 potions of invisibility
 x - 5 potions of lignification
 Q - 2 potions of brilliance {unknown}


   Skills:
 + Level 16.7 Fighting
 + Level 19.0 Axes
 + Level 1.2 Throwing
 + Level 14.4 Armour
 + Level 11.2 Dodging
 + Level 4.0 Stealth
 + Level 0.2 Shields


You had 13 spell levels left.
You didn't know any spells.
Your spell library was empty.

Dungeon Overview and Level Annotations

Branches:
Dungeon (12/15)            Temple (0/1) D:6            Lair (5/5) D:11
 Shoals (0/4) Lair:2       Spider (0/4) Lair:3        Slime (0/5) Lair:5
    Orc (2/2) D:12            Elf (0/3) Orc:2       Ossuary (visited)

Altars:
Ashenzari
Ru
Sif Muna
Uskayaw
Vehumet
Wu Jian
Xom
Yredelemnul

Shops:
D:3 ?   D:5 [   D:7 [   D:12 =   Orc:2 :[=::([


Innate Abilities, Weirdness & Mutations

You have a pair of horns on your head.
You reflexively headbutt those who attack you in melee.


Message History

You barely miss the orc knight.
You headbutt the orc knight, but do no damage.
The orc knight is severely wounded.
The orc warlord roars a battlecry!
The orc knight goes into a battle-frenzy!
The orc knight hits you with a +0 great sword!
You slice the orc knight!! Your headbutt misses the orc knight.
The orc knight is almost dead.
You slice the orc warrior!!
The orc warrior hits you but does no damage.
You block the orc knight's attack.
You slash the orc knight!
You kill the orc knight!
Trog accepts your kill.
You slash the orc warrior!
You kill the orc warrior!
Trog accepts your kill.
An orc sorcerer comes into view. It is wielding a +0 dagger.
The orc sorcerer casts a spell.
Things that are here:
a +0 short sword; a +0 chain mail You slash the orc warlord!
You headbutt the orc warlord.
The orc warlord is moderately wounded.
You block the orc warlord's attack.
The orc sorcerer mumbles some strange words.
You slash the orc warlord! Your headbutt misses the orc warlord.
The orc warlord is moderately wounded.
The orc warlord hits you with a +0 great sword!!!
The orc sorcerer gestures wildly while chanting.
The smoke demon gestures at you. Something smites you!
Your ogre goes berserk!
The orc warlord hits you with a +0 great sword.
The smoke demon gestures at you. The ball of steam hits you!
The orc warlord hits you but does no damage.
You are engulfed in a cloud of scalding steam.
* * * LOW HITPOINT WARNING * * *
The orc warlord hits you with a +0 great sword!!!
You die...

# ## #...........
##.#..#........
##.###....>....
#....#.........
##.............
##........#∩..
###)#.#.........
##.###).)).##o....#..
#.....)).)..@O§§..3o.
##..$.)###.##).#....4
###..# #.##........
#.. ............ ##.
##.##..∩.#... #
######.#.#.# #.....
#.#.


You could see an orc warlord (strong, ally target) and a friendly ogre
(summoned, berserk).

Vanquished Creatures
  2 boulder beetles
  7 hydras
  2 two-headed ogres
  11 death yaks
  2 goliath frogs (Lair:5)
  Lodul (D:11)
  Pikel (D:8)
  2 orc knights (Orc:2)
  A deep elf pyromancer (D:12)
  3 orc sorcerers (Orc:2)
  A wolf spider (Lair:3)
  3 cyclopes
  A manticore (Lair:2)
  Maurice (D:8)
  The ghost of Kamala the Trooper, a novice OgBe of Trog (D:5)
  5 black mambas
  Maggie (Lair:1)
  2 unseen horrors
  A torpor snail (Lair:1)
  22 cane toads
  A rime drake (Lair:5)
  13 komodo dragons
  An unseen horror zombie (D:8)
  10 trolls
  A queen bee (Lair:2)
  Grinder (D:4)
  3 hornets
  5 polar bears
  A tyrant leech (Lair:5)
  A wind drake (Lair:2)
  20 blink frogs
  6 dream sheep (Lair:5)
  2 shadows (D:12)
  36 yaks
  4 wyverns
  4 basilisks
  2 wraiths
  8 vampire mosquitoes
  2 steam dragons (D:7)
  A warg (Orc:2)
  15 water moccasins
  Duvessa (D:6)
  19 orc warriors
  A sky beast (D:4)
  2 ice beasts
  A black bear (D:6)
  15 ogres
  4 boggarts (Lair:5)
  7 centaurs
  32 wolves
  A phantom (D:5)
  A lemure (D:8)
  2 kobold brigands
  Blork the orc (D:5)
  15 bullfrogs
  A necrophage (D:6)
  A wyvern zombie (D:8)
  7 scorpions
  5 wights (D:8)
  Dowan (D:6)
  27 killer bees
  An electric eel (D:11)
  7 hounds
  A jelly (D:6)
  12 orc priests
  Jessica (D:2)
  An iguana (D:7)
  Natasha (thrice) (D:2)
  4 hell rats (Lair:2)
  16 orc wizards
  8 mummies (Ossuary)
  2 adders (D:2)
  A shadow imp (D:7)
  2 white imps
  2 worms
  A dart slug (D:1)
  58 orcs
  7 ball pythons
  5 endoplasms
  7 giant cockroaches
  A gnoll zombie (Ossuary)
  10 goblins
  4 hobgoblins
  3 quokkas
  6 bats
  6 frilled lizards
  3 hobgoblin zombies (Ossuary)
  16 kobolds
  3 kobold zombies (Ossuary)
  An orc zombie (Ossuary)
  3 rats
546 creatures vanquished.

Vanquished Creatures (collateral kills)
  2 orc high priests (Orc:2)
  An orc sorcerer (Orc:2)
  2 cane toads (Lair:5)
  A tyrant leech (Lair:5)
  A blink frog (Lair:5)
  2 orc warriors (Orc:2)
  An ogre (Orc:2)
  A bullfrog (Lair:5)
11 creatures vanquished.

Vanquished Creatures (others)
  An ogre (D:7)
  A necrophage (D:7)
  39 fungi
  88 plants
129 creatures vanquished.

Grand Total: 686 creatures vanquished

Notes
Turn   | Place    | Note
-------+----------+-------------------------------------------
     0 | D:1      | mampy3000 the Minotaur Berserker began the quest for the
                  | Orb.
     0 | D:1      | Reached XP level 1. HP: 19/19 MP: 0/0
   146 | D:1      | Reached skill level 4 in Axes
   146 | D:1      | Reached XP level 2. HP: 27/27 MP: 1/1
   474 | D:1      | Reached XP level 3. HP: 33/33 MP: 2/2
   593 | D:1      | Reached ** piety under Trog
   892 | D:2      | Noticed Natasha
   900 | D:2      | Killed Natasha
   901 | D:2      | Reached XP level 4. HP: 41/41 MP: 3/3
  1026 | D:2      | Noticed Natasha
  1031 | D:2      | Killed Natasha
  1234 | D:2      | Noticed Natasha
  1240 | D:2      | Killed Natasha
  1241 | D:2      | Reached skill level 5 in Fighting
  1299 | D:2      | Reached skill level 5 in Axes
  1445 | D:2      | Noticed Jessica
  1466 | D:2      | Killed Jessica
  1467 | D:2      | Reached XP level 5. HP: 48/48 MP: 4/4
  1547 | D:2      | Found a faded altar of an unknown god.
  1924 | D:3      | Found Ycrasese's Magic Scroll Boutique.
  2458 | D:4      | Found a sand-covered staircase.
  2458 | D:4      | Noticed Grinder
  2465 | D:4      | Killed Grinder
  2466 | D:4      | Reached XP level 6. HP: 56/56 MP: 5/5
  2489 | Ossuary  | Entered an ossuary
  2538 | Ossuary  | Reached skill level 6 in Axes
  3260 | D:4      | Noticed a sky beast
  3269 | D:4      | Killed a sky beast
  3270 | D:4      | Reached skill level 5 in Armour
  3270 | D:4      | Reached XP level 7. HP: 63/63 MP: 6/6
  3666 | D:4      | Reached skill level 7 in Axes
  4311 | D:5      | Entered Level 5 of the Dungeon
  4344 | D:5      | Noticed Blork the orc
  4361 | D:5      | Killed Blork the orc
  4717 | D:5      | Reached XP level 8. HP: 66/71 MP: 7/7
  5286 | D:5      | Reached skill level 8 in Axes
  5446 | D:5      | Found Nuoho's Antique Armour Boutique.
  5455 | D:5      | Bought a runed scale mail for 168 gold pieces
  5907 | D:5      | Found a runed translucent door.
  5910 | D:5      | Noticed Kamala's ghost (novice OgBe)
  5921 | D:5      | Killed Kamala's ghost
  5922 | D:5      | Reached skill level 9 in Axes
  5922 | D:5      | Reached skill level 1 in Stealth
  6280 | D:6      | Noticed Dowan
  6280 | D:6      | Noticed Duvessa
  6302 | D:6      | Killed Dowan
  6452 | D:6      | Killed Duvessa
  6663 | D:6      | Found a staircase to the Ecumenical Temple.
  6775 | D:6      | Reached XP level 9. HP: 79/79 MP: 8/8
  7221 | D:7      | Reached skill level 10 in Axes
  7340 | D:7      | Reached skill level 5 in Dodging
  7410 | D:7      | Found a broken altar of Ashenzari.
  7477 | D:7      | Reached *** piety under Trog
  7502 | D:7      | Found a hide-covered altar of Uskayaw.
  7568 | D:7      | Found Sinwuip's Antique Armour Boutique.
  7977 | D:8      | Noticed a troll
  7987 | D:8      | Killed a troll
  8046 | D:8      | Reached skill level 11 in Axes
  8090 | D:8      | Noticed Maurice
  8108 | D:8      | Paralysed by Maurice for 5 turns
  8120 | D:8      | Killed Maurice
  8181 | D:8      | Found an ornate altar of the Wu Jian Council.
  8182 | D:8      | Found a shimmering altar of Xom.
  8184 | D:8      | Found a shimmering blue altar of Sif Muna.
  8243 | D:8      | You fall into a shaft and drop 1 floor!
  8257 | D:9      | Reached XP level 10. HP: 78/90 MP: 9/9
  8407 | D:9      | Found a sacrificial altar of Ru.
  8597 | D:9      | Identified the +5 hand axe of Dismemberment {vorpal, Str-2
                  | SInv Stlth+}
  9171 | D:8      | Reached skill level 12 in Axes
  9582 | D:8      | Noticed Pikel
  9588 | D:8      | Reached skill level 10 in Armour
  9601 | D:8      | Killed Pikel
  9612 | D:8      | Found a basalt altar of Yredelemnul.
  9768 | D:10     | Entered Level 10 of the Dungeon
  9872 | D:10     | Reached skill level 13 in Axes
  9885 | D:10     | Reached skill level 10 in Fighting
  9885 | D:10     | Reached XP level 11. HP: 99/99 MP: 10/10
  9945 | D:10     | Noticed a two-headed ogre
  9954 | D:10     | Killed a two-headed ogre
 10436 | D:11     | Found a staircase to the Lair.
 10443 | D:11     | Reached **** piety under Trog
 10444 | D:11     | Noticed Lodul
 10612 | D:12     | Noticed a boulder beetle
 10629 | D:12     | Killed a boulder beetle
 10630 | D:12     | Reached skill level 14 in Axes
 10809 | D:12     | Noticed a deep elf pyromancer
 10820 | D:12     | Killed a deep elf pyromancer
 10899 | D:11     | Noticed a two-headed ogre
 10903 | D:11     | Killed a two-headed ogre
 11068 | D:11     | Noticed a boulder beetle
 11078 | D:11     | Killed a boulder beetle
 11164 | D:11     | Identified the +2 leather armour of the Monkey {rCorr Int+5
                  | SInv}
 11459 | D:11     | Killed Lodul
 11832 | D:12     | Reached XP level 12. HP: 94/112 MP: 11/11
 12093 | D:12     | Found a staircase to the Orcish Mines.
 12131 | D:12     | Found Mothiunu's Jewellery Emporium.
 12195 | D:12     | Bought a +6 ring of dexterity for 360 gold pieces
 12205 | D:12     | Reached skill level 15 in Axes
 12608 | Lair:1   | Entered Level 1 of the Lair of Beasts
 12724 | D:11     | Identified a scroll of acquirement
 12724 | D:11     | Acquired a +5 vorpal war axe
 12860 | Lair:1   | Noticed Maggie
 12869 | Lair:1   | Killed Maggie
 13229 | Lair:1   | Noticed a four-headed hydra
 13234 | Lair:1   | Noticed a six-headed hydra
 13238 | Lair:1   | Killed a seven-headed hydra
 13243 | Lair:1   | Killed a nine-headed hydra
 13361 | Lair:1   | Identified the +6 rapier "Grim Tooth" {vorpal, rPois Will-
                  | Str+4 Int+5}
 13793 | Lair:2   | Found a staircase to the Shoals.
 13941 | Lair:2   | Reached skill level 16 in Axes
 14095 | Lair:2   | Found a radiant altar of Vehumet.
 14120 | Lair:2   | Noticed an eight-headed hydra
 14133 | Lair:2   | Killed an 11-headed hydra
 14220 | Lair:2   | Reached XP level 13. HP: 122/122 MP: 12/12
 15049 | Lair:3   | Reached skill level 1 in Throwing
 15130 | Lair:3   | Found a hole to the Spider Nest.
 15819 | Lair:4   | Reached skill level 17 in Axes
 16096 | Lair:4   | Reached ***** piety under Trog
 16097 | Lair:4   | Reached skill level 10 in Dodging
 16665 | Lair:5   | Entered Level 5 of the Lair of Beasts
 16726 | Lair:5   | Found a staircase to the Slime Pits.
 16738 | Lair:5   | Reached skill level 15 in Fighting
 16959 | Lair:5   | Reached XP level 14. HP: 97/135 MP: 13/13
 17092 | Lair:5   | Reached skill level 18 in Axes
 17494 | Lair:5   | Identified the +8 longbow "Plojy" {vorpal, Will++ rCorr
                  | Str-3 SInv}
 18239 | Orc:1    | Entered Level 1 of the Orcish Mines
 18336 | Orc:2    | Entered Level 2 of the Orcish Mines
 18336 | Orc:2    | Found Vohoidef's Book Boutique.
 18357 | Orc:2    | Found Rarelag's Antique Armour Shop.
 18364 | Orc:2    | Received a gift from Trog
 18475 | Orc:2    | Found Ceqar's Jewellery Shop.
 18476 | Orc:2    | Bought an embroidered scarf for 264 gold pieces
 18476 | Orc:2    | Bought a shiny plate armour for 858 gold pieces
 18476 | Orc:2    | Bought a glowing buckler for 247 gold pieces
 18521 | Orc:2    | Found Tautuo's Armour Boutique.
 18606 | Orc:2    | Bought the +1 pair of boots "Eweidd" {Fly rC+ Regen+} for
                  | 384 gold pieces
 18829 | Orc:2    | Found Uribru's Book Boutique.
 18842 | Orc:2    | Reached skill level 19 in Axes
 18902 | Orc:2    | Found a staircase to the Elven Halls.
 18925 | Orc:2    | Found Koiw's Weapon Emporium.
 18925 | Orc:2    | Noticed an orc warlord
 18926 | Orc:2    | Found Huoko's Book Emporium.
 18935 | Orc:2    | Mangled by an orc warlord

Illustrated notes

Levels and vault maps discovered:
D:1:      onia_arrival_mini_maze, layout_rooms
D:2:      layout_loops_cross, basic_ecumenical_altar,
          chequers_serial_rivers_micro_e, uniq_jessica, uniq_natasha
D:3:      layout_loops_ring, serial_shops, nicolae_lakefront_shop,
          chequers_garden, nicolae_titane
D:4:      layout_loops_corners, enter_ossuary_2, grunt_ministairs_3,
          grunt_decor_junction, moated_statue, minmay_ruptured, uniq_grinder
D:5:      layout_layer_cave, serial_shops, kennysheep_little_box,
          ebering_ghost_reflecting_pool, uniq_blork_the_orc
D:6:      minmay_general_purpose_star, layout_cave_pools,
          minmay_temple_entry_large_hall, uniq_duvessa
D:7:      layout_basic, evilmike_ruin_ashenzari, nicolae_uskayaw_dance_hall,
          serial_shops, nicolae_shop_stone
D:8:      layout_layer_cave, chequers_temple_overflow_statue_of_worship,
          lemuel_zombie_altar_yredelemnul, enter_bailey_5,
          dreamdust_princess_corridor, uniq_pikel, uniq_maurice
D:9:      layout_cave_pools, nicolae_ru_sacrificial_ziggurat, dk_noncrumbling_3
D:10:     layout_loops_ring, nicolae_twisting_strands
D:11:     layout_gridville, erik_lair_island, minmay_fountain_box, uniq_lodul
D:12:     layout_small_grid, orc_0_dummy, serial_shops, nicolae_shop_crystal,
          minmay_starry_boxes
Lair:1:   layout_chaotic_city, uniq_maggie
Lair:2:   layout_hall_layers, minmay_shoals_entry_beasts, basic_altar,
          special_room [special_room_bee], grunt_megastairs_3,
          serial_bayou_shore_a
Lair:3:   layout_hall_layers, nicolae_spider_entry_non_spiders,
          nicolae_lair_run_with_the_wolves
Lair:4:   layout_long_grid, minmay_shattered_shrine, infiniplex_staircase_pool,
          serial_bayou_shore_b
Lair:5:   minmay_lair_end_frog_pond, layout_cave_pods, slime_entry_1,
          kilobyte_rumbling_trees
Orc:1:    layout_diamond_mine
Orc:2:    grunt_orc_gardens, layout_caves, grunt_orc_garden, grunt_orc_garden,
          grunt_orc_garden, grunt_orc_garden, serial_shops, shop, shop, shop,
          nicolae_shop_stone, shop

Skill      XL: |  1  2  3  4  5  6  7  8  9 10 11 12 13 14 |
---------------+-------------------------------------------+-----
Axes           | 4 5 6 7 9 11 13 14 16 17 19 | 19.0
Fighting       | 4 5 6 7 8 10 11 13 15 16 | 16.7
Armour         | 3 4 5 7 9 10 11 13 14 | 14.4
Dodging        | 3 4 5 6 8 9 10 11 | 11.2
Stealth        | 1 2 3 4 |  4.0
Throwing       | 1 |  1.2
Shields        | |  0.2

Action                   |  1- 3 |  4- 6 |  7- 9 | 10-12 | 13-15 || total
-------------------------+-------+-------+-------+-------+-------++-------
Melee: Hand axe          |    76 |   100 |   248 |   296 |       ||   720
       Headbutt          |     6 |    15 |    47 |    94 |   112 ||   274
       Punch             |     2 |       |       |     8 |     7 ||    17
       War axe           |       |       |       |   152 |   482 ||   634
Throw: Javelin           |       |       |       |     3 |       ||     3
Invok: Berserk           |     1 |     6 |    18 |    37 |    23 ||    85
       Trog's Hand       |       |       |     2 |     4 |       ||     6
       Brothers in Arms  |       |       |       |     1 |     5 ||     6
  Use: Scroll            |       |     8 |     7 |     8 |     5 ||    28
       Potion            |       |       |       |     2 |     4 ||     6
 Stab: Distracted        |       |       |       |       |     1 ||     1
Armor: Animal skin       |     2 |       |       |       |       ||     2
       Ring mail         |    21 |    25 |    14 |       |       ||    60
       Scale mail        |       |       |    53 |   170 |   107 ||   330
       Plate armour      |       |       |       |       |    21 ||    21
Dodge: Dodged            |    52 |    38 |   119 |   366 |   400 ||   975
Block: Buckler           |       |       |       |       |    16 ||    16
       Reflection        |       |       |       |       |     3 ||     3
